ITL
TOPEKA TORNADOS @ BLUEVILLE 83'S
08/01/2027
 
TOP OF THE 1ST
Topeka Tornados batting - Pitching for Blueville 83's : LHP Salvador Castro
Pitching: LHP Salvador Castro
Batting: RHB José Pinto 0-0: Ball
1-0: Foul Ball, location: 2F
1-1: Ball
2-1: SINGLE (Groundball, 56D)
Batting: RHB Gabriel Santana 0-0: Ball
1-0: Ball
2-0: Foul Ball, location: 2F
2-1: Ball
3-1: Swinging Strike
3-2: Foul Ball, location: 2F
3-2: Foul Ball, location: 2F
3-2: Strikes out swinging
Batting: RHB Don Thomas 0-0: Called Strike
José Pinto steals 2nd base
0-1: Foul Ball, location: 2F
0-2: Ball
1-2: Strikes out swinging
Batting: RHB Desi Thompson 0-0: Called Strike
0-1: Foul Ball, location: 2F
0-2: Strikes out swinging
Top of the 1st over - 0 run(s), 1 hit(s), 0 error(s), 1 left on base; Topeka 0 - Blueville 0
BOTTOM OF THE 1ST
Blueville 83's batting - Pitching for Topeka Tornados : RHP Willie St. John
Pitching: RHP Willie St. John
Batting: SHB Caden Keith 0-0: Called Strike
0-1: SINGLE (Line Drive, 8LS)
Batting: RHB Kuniaki Kawashima 0-0: Ball
Caden Keith steals 2nd base
1-0: Called Strike
1-1: Swinging Strike
1-2: Foul Ball, location: 2F
1-2: Ball
2-2: Foul Ball, location: 2F
2-2: Foul Ball, location: 2F
2-2: SINGLE (Line Drive, 89S)
Caden Keith to third
Batting: RHB Gernot Renner 0-0: Ball
1-0: Swinging Strike
1-1: Called Strike
Throwing error on steal attempt, E2
Caden Keith scores
Kuniaki Kawashima to third
1-2: Ball
2-2: Foul Ball, location: 2F
2-2: Fly out, F8 (Flyball, 8LM)
Runner from 3rd tags up, SCORES, throw made
Batting: SHB Jack Fountain 0-0: DOUBLE (Line Drive, 7LM)
Batting: RHB Matt Perkins 0-0: Ball
1-0: Ball
2-0: Called Strike
2-1: Called Strike
2-2: Fly out, F9 (Flyball, 9S)
Batting: LHB Ricardo Romero 0-0: Ball
1-0: Ball
2-0: Reached on error, E6 (Groundball, 6)
Jack Fountain to third
Batting: LHB Vincente Sáenz 0-0: Called Strike
0-1: Ball
1-1: Ball
2-1: Foul Ball, location: 2F
2-2: Ball
3-2: Foul Ball, location: 2F
3-2: Foul Ball, location: 2F
3-2: Foul Ball, location: 2F
3-2: Base on Balls
Ricardo Romero to second
Batting: LHB Jacob Wright 0-0: Swinging Strike
0-1: Ball
1-1: Swinging Strike
1-2: Strikes out swinging
Bottom of the 1st over - 2 run(s), 3 hit(s), 2 error(s), 3 left on base; Topeka 0 - Blueville 2
TOP OF THE 2ND
Topeka Tornados batting - Pitching for Blueville 83's : LHP Salvador Castro
Batting: SHB Giancarlo Giannini 0-0: Foul Ball, location: 2F
0-1: Foul Ball, location: 2F
0-2: Ball
1-2: Ball
2-2: Strikes out swinging
Batting: SHB Javier Peña 0-0: Ball
1-0: Called Strike
1-1: Ball
2-1: Swinging Strike
2-2: Ball
3-2: Fly out, F9 (Line Drive, 9)
Batting: RHB Bob Hall 0-0: Ball
1-0: Called Strike
1-1: Fly out, F9 (Flyball, 9S)
Top of the 2nd over - 0 run(s), 0 hit(s), 0 error(s), 0 left on base; Topeka 0 - Blueville 2
BOTTOM OF THE 2ND
Blueville 83's batting - Pitching for Topeka Tornados : RHP Willie St. John
Batting: RHB Barney Lawson 0-0: Called Strike
0-1: Ball
1-1: Swinging Strike
1-2: Fly out, F8 (Flyball, 8RM)
Batting: SHB Caden Keith 0-0: Foul Ball, location: 2F
0-1: Foul Ball, location: 2F
0-2: Foul Ball, location: 2F
0-2: SINGLE (Groundball, 56D)
Batting: RHB Kuniaki Kawashima 0-0: Ball
Caden Keith steals 2nd base
1-0: Ball
2-0: 2-RUN HOME RUN (Flyball, 89XD), Distance : 412 ft
Batting: RHB Gernot Renner 0-0: Ball
1-0: Ball
2-0: Ball
3-0: Base on Balls
Batting: SHB Jack Fountain 0-0: Foul Ball, location: 2F
0-1: Fly out, F7 (Flyball, 7S)
Batting: RHB Matt Perkins 0-0: Foul Ball, location: 2F
0-1: Ball
1-1: SINGLE (Groundball, 6MD)
Gernot Renner to second
Batting: LHB Ricardo Romero 0-0: Ball
1-0: Fly out, F9 (Flyball, 89S)
Bottom of the 2nd over - 2 run(s), 3 hit(s), 0 error(s), 2 left on base; Topeka 0 - Blueville 4
TOP OF THE 3RD
Topeka Tornados batting - Pitching for Blueville 83's : LHP Salvador Castro
Batting: RHB Dave Henderson 0-0: Ball
1-0: Called Strike
1-1: Foul Ball, location: 2F
1-2: Foul Ball, location: 2F
1-2: Ball
2-2: Ball
3-2: Foul Ball, location: 2F
3-2: Strikes out swinging
Batting: LHB José López 0-0: Called Strike
0-1: Ball
1-1: Foul Ball, location: 2F
1-2: Strikes out swinging
Batting: RHB José Pinto 0-0: Foul Ball, location: 2F
0-1: Ball
1-1: Swinging Strike
1-2: Foul Ball, location: 2F
1-2: Ball
2-2: Fly out, F9 (Flyball, 9LSF)
Top of the 3rd over - 0 run(s), 0 hit(s), 0 error(s), 0 left on base; Topeka 0 - Blueville 4
BOTTOM OF THE 3RD
Blueville 83's batting - Pitching for Topeka Tornados : RHP Willie St. John
Batting: LHB Vincente Sáenz 0-0: Swinging Strike
0-1: Foul Ball, location: 2F
0-2: Ball
1-2: Foul Ball, location: 2F
1-2: Ball
2-2: Fly out, F7 (Flyball, 7S)
Batting: LHB Jacob Wright 0-0: Called Strike
0-1: Ball
1-1: Ball
2-1: Fly out, F7 (Flyball, 7)
Batting: RHB Barney Lawson 0-0: Ball
1-0: Swinging Strike
1-1: Ground out 5-3 (Groundball, 5L)
Bottom of the 3rd over - 0 run(s), 0 hit(s), 0 error(s), 0 left on base; Topeka 0 - Blueville 4
TOP OF THE 4TH
Topeka Tornados batting - Pitching for Blueville 83's : LHP Salvador Castro
Batting: RHB Gabriel Santana 0-0: Ground out 6-3 (Groundball, 6)
Batting: RHB Don Thomas 0-0: Ball
1-0: Ball
2-0: Foul Ball, location: 2F
2-1: SOLO HOME RUN (Flyball, 7LD), Distance : 358 ft
Batting: RHB Desi Thompson 0-0: Fly out, F3 (Popup, 3L)
Batting: SHB Giancarlo Giannini 0-0: Foul Ball, location: 2F
0-1: Ball
1-1: SINGLE (Flyball, 89S)
Batting: SHB Javier Peña 0-0: Foul Ball, location: 2F
0-1: Called Strike
0-2: Strikes out swinging
Top of the 4th over - 1 run(s), 2 hit(s), 0 error(s), 1 left on base; Topeka 1 - Blueville 4
BOTTOM OF THE 4TH
Blueville 83's batting - Pitching for Topeka Tornados : RHP Willie St. John
Batting: SHB Caden Keith 0-0: Ball
1-0: Foul Ball, location: 2F
1-1: Ball
2-1: Ball
3-1: Foul Ball, location: 2F
3-2: Fly out, F9 (Line Drive, 89M)
Batting: RHB Kuniaki Kawashima 0-0: Ball
1-0: Ball
2-0: Ball
3-0: Base on Balls
Batting: RHB Gernot Renner 0-0: Called Strike
0-1: Ball
1-1: Ball
2-1: Ball
3-1: Base on Balls
Kuniaki Kawashima to second
Batting: SHB Jack Fountain 0-0: Called Strike
0-1: SINGLE (Groundball, 4D)
Kuniaki Kawashima to third
Gernot Renner to second
Pitching: RHP Clark Edwards
Batting: RHB Matt Perkins 0-0: Ball
1-0: Grounds into double play, 6-4-3 (Groundball, 6)
Bottom of the 4th over - 0 run(s), 1 hit(s), 0 error(s), 2 left on base; Topeka 1 - Blueville 4
TOP OF THE 5TH
Topeka Tornados batting - Pitching for Blueville 83's : LHP Salvador Castro
Batting: RHB Bob Hall 0-0: SOLO HOME RUN (Flyball, 7D), Distance : 379 ft
Batting: RHB Dave Henderson 0-0: Fly out, F9 (Flyball, 9S)
Batting: LHB José López 0-0: Foul Ball, location: 2F
0-1: Called Strike
0-2: Foul Ball, location: 2F
0-2: Ground out 4-3 (Groundball, 4S)
Batting: RHB José Pinto 0-0: Foul Ball, location: 2F
0-1: Foul Ball, location: 2F
0-2: Ball
1-2: Ball
2-2: Ground out 4-3 (Groundball, 4M)
Top of the 5th over - 1 run(s), 1 hit(s), 0 error(s), 0 left on base; Topeka 2 - Blueville 4
BOTTOM OF THE 5TH
Blueville 83's batting - Pitching for Topeka Tornados : RHP Clark Edwards
Batting: LHB Ricardo Romero 0-0: Fly out, F6 (Popup, 56)
Batting: LHB Vincente Sáenz 0-0: Called Strike
0-1: Foul Ball, location: 2F
0-2: Ball
1-2: Ball
2-2: SINGLE (Flyball, 8LS)
Batting: LHB Jacob Wright 0-0: Called Strike
0-1: Ball
1-1: Swinging Strike
1-2: Strikes out swinging
Batting: RHB Barney Lawson 0-0: Called Strike
0-1: Ball
1-1: Fly out, F7 (Flyball, 7)
Bottom of the 5th over - 0 run(s), 1 hit(s), 0 error(s), 1 left on base; Topeka 2 - Blueville 4
TOP OF THE 6TH
Topeka Tornados batting - Pitching for Blueville 83's : LHP Salvador Castro
Batting: RHB Gabriel Santana 0-0: Swinging Strike
0-1: Ball
1-1: Ball
2-1: Ground out 6-3 (Groundball, 6)
Batting: RHB Don Thomas 0-0: Ball
1-0: Called Strike
1-1: Ball
2-1: Called Strike
2-2: Foul Ball, location: 2F
2-2: Strikes out swinging
Batting: RHB Desi Thompson 0-0: Ball
1-0: Called Strike
1-1: Ball
2-1: Foul Ball, location: 2F
2-2: Foul Ball, location: 2F
2-2: Strikes out swinging
Top of the 6th over - 0 run(s), 0 hit(s), 0 error(s), 0 left on base; Topeka 2 - Blueville 4
BOTTOM OF THE 6TH
Blueville 83's batting - Pitching for Topeka Tornados : RHP Clark Edwards
Batting: SHB Caden Keith 0-0: Foul Ball, location: 2F
0-1: Foul Ball, location: 2F
0-2: Ball
1-2: Ball
2-2: Ball
3-2: Strikes out swinging
Batting: RHB Kuniaki Kawashima 0-0: Called Strike
0-1: Foul Ball, location: 2F
0-2: Ball
1-2: Foul Ball, location: 2F
1-2: SINGLE (Groundball, 34D)
Batting: RHB Gernot Renner 0-0: Ball
1-0: Ball
2-0: Foul Ball, location: 2F
2-1: Swinging Strike
2-2: Fly out, F8 (Flyball, 78XD)
Batting: SHB Jack Fountain 0-0: Ball
1-0: Ball
2-0: Single, Error in OF, E9, batter to second base
Kuniaki Kawashima to third
Batting: RHB Matt Perkins 0-0: Ball
1-0: Ball
2-0: Called Strike
2-1: Foul Ball, location: 2F
2-2: Ball
3-2: Foul Ball, location: 2F
3-2: Base on Balls
Batting: LHB Ricardo Romero 0-0: Ball
1-0: Called Strike
1-1: DOUBLE (Groundball, 5L)
Kuniaki Kawashima scores
Jack Fountain scores
Matt Perkins to third
Batting: LHB Vincente Sáenz 0-0: Called Strike
0-1: Ground out 1-3 (Groundball, 15S)
Bottom of the 6th over - 2 run(s), 3 hit(s), 1 error(s), 2 left on base; Topeka 2 - Blueville 6
TOP OF THE 7TH
Topeka Tornados batting - Pitching for Blueville 83's : LHP Salvador Castro
Pitching: LHP Pierre Dumont
Batting: SHB Giancarlo Giannini 0-0: SOLO HOME RUN (Flyball, 7LD), Distance : 344 ft
Batting: SHB Javier Peña 0-0: Ball
1-0: Called Strike
1-1: Foul Ball, location: 2F
1-2: Ball
2-2: Strikes out swinging
Batting: RHB Bob Hall 0-0: Ball
1-0: Ground out 6-3 (Groundball, 6)
Batting: RHB Dave Henderson 0-0: Called Strike
0-1: Ball
1-1: Foul Ball, location: 2F
1-2: Strikes out swinging
Top of the 7th over - 1 run(s), 1 hit(s), 0 error(s), 0 left on base; Topeka 3 - Blueville 6
BOTTOM OF THE 7TH
Blueville 83's batting - Pitching for Topeka Tornados : RHP Clark Edwards
Batting: LHB Jacob Wright 0-0: Foul Ball, location: 2F
0-1: Swinging Strike
0-2: Strikes out swinging
Batting: RHB Barney Lawson 0-0: Foul Ball, location: 2F
0-1: Ground out 4-3 (Groundball, 4)
Batting: SHB Caden Keith 0-0: Fly out, F8 (Flyball, 8RXD)
Bottom of the 7th over - 0 run(s), 0 hit(s), 0 error(s), 0 left on base; Topeka 3 - Blueville 6
TOP OF THE 8TH
Topeka Tornados batting - Pitching for Blueville 83's : LHP Pierre Dumont
Batting: LHB José López 0-0: Called Strike
0-1: Called Strike
0-2: Strikes out looking
Batting: RHB José Pinto 0-0: Ball
1-0: SINGLE (Line Drive, 89S)
Pitching: RHP Félix Rivera
Batting: RHB Gabriel Santana 0-0: Called Strike
0-1: Called Strike
0-2: Foul Ball, location: 2F
0-2: Foul Ball, location: 2F
0-2: Ball
1-2: Ball
2-2: Fly out, F8 (Line Drive, 8LD)
Batting: RHB Don Thomas 0-0: 2-RUN HOME RUN (Flyball, 89XD), Distance : 408 ft
Batting: RHB Desi Thompson 0-0: Ball
1-0: Foul Ball, location: 2F
1-1: Ball
2-1: Foul Ball, location: 2F
2-2: Foul Ball, location: 2F
2-2: Ground out 6-3 (Groundball, 6)
Top of the 8th over - 2 run(s), 2 hit(s), 0 error(s), 0 left on base; Topeka 5 - Blueville 6
BOTTOM OF THE 8TH
Blueville 83's batting - Pitching for Topeka Tornados : RHP Clark Edwards
Batting: RHB Kuniaki Kawashima 0-0: Ball
1-0: Ball
2-0: Ball
3-0: Base on Balls
Batting: RHB Gernot Renner 0-0: Ball
1-0: Ball
2-0: Called Strike
2-1: Grounds into double play, 5-4-3 (Groundball, 5)
Batting: SHB Jack Fountain 0-0: Called Strike
0-1: Fly out, F7 (Flyball, 7S)
Bottom of the 8th over - 0 run(s), 0 hit(s), 0 error(s), 0 left on base; Topeka 5 - Blueville 6
TOP OF THE 9TH
Topeka Tornados batting - Pitching for Blueville 83's : RHP Félix Rivera
Pitching: RHP José Becerra
Pinch Hitting: LHB Yoshiaki Ohayashi 0-0: Ball
1-0: Swinging Strike
1-1: Swinging Strike
1-2: Strikes out looking
Batting: SHB Javier Peña 0-0: Swinging Strike
0-1: Swinging Strike
0-2: Ball
1-2: Strikes out swinging
Batting: RHB Bob Hall 0-0: Ball
1-0: Called Strike
1-1: Swinging Strike
1-2: Strikes out swinging
Top of the 9th over - 0 run(s), 0 hit(s), 0 error(s), 0 left on base; Topeka 5 - Blueville 6
Thursday, March 30th, 2017 - OOTP Baseball 17.12 Build 75